Map: Corrosion EC

Players

PoGu - Winner!

  • Race: Terran Terran
  • League: Diamond
  • Spawn Location: 11:00

HoldTheDoor

  • Race: Protoss Protoss
  • League: Diamond
  • Spawn Location: 5:00

VOD

Have the link to the VOD?

Description

Time

  • Played on: July 8, 2018, 5:50 a.m.
  • Length: 17:37
Show
View Real Time Build Order
Export as new Build Order

PoGu Terran - Winner!

Build Orders: Cyclone Opening, MMM Bio 

Get SALT Encoding   

  12  0:01  SCV  
  13  0:13  SCV  
  14  0:19  Supply Depot  
  14  0:25  SCV  
  15  0:30  Refinery  
  15  0:41  SCV  
  16  0:48  Barracks  
  16  0:53  SCV  
  17  1:02  Supply Depot  
  17  1:05  SCV  
  18  1:17  SCV  
  19  1:29  SCV  
  20  1:36  Factory  
  20  1:41  SCV  
  21  1:52  Barracks Tech Lab  
  21  1:54  SCV  
  22  1:56  Refinery  
  22  2:02  Barracks  
  22  2:06  Orbital Command  
  22  2:14  Marauder  
  24  2:26  Cyclone  
  27  2:36  Marauder  
  29  2:39  SCV  
  29  2:41  Concussive Shells  
  30  2:51  SCV, Barracks Reactor  
  31  3:21  Supply Depot, Command Center  
  31  3:43  SCV, Marauder, Cyclone  
  37  3:53  Marine  
  37  3:55  SCV, Marine  
  35  4:03  Starport  
  35  4:05  Marauder  
  35  4:12  Marine  
  35  4:13  Marine  
  37  4:21  Supply Depot  
  37  4:26  Marauder, Stimpack  
  39  4:33  Marine, Cyclone  
  39  4:34  Orbital Command  
  43  4:40  Medivac  
  45  4:51  Refinery  
  45  4:54  Engineering Bay  
  45  4:59  Marauder  
  47  5:04  SCV  
  48  5:10  Medivac  
  50  5:17  SCV  
  50  5:20  Factory Tech Lab  
  51  5:24  Barracks, Terran Infantry Weapons Level 1  
  51  5:25  SCV  
  52  5:29  SCV  
  52  5:30  Refinery  
  53  5:36  Marine  
  53  5:37  Marine  
  53  5:39  Marauder  
  57  5:50  Starport Reactor  
  57  5:54  SCV  
  57  5:55  SCV  
  59  5:59  Marine  
  59  6:00  Marine  
  61  6:05  Supply Depot  
  61  6:06  SCV  
  61  6:18  SCV  
  59  6:21  SCV  
  59  6:27  Supply Depot, Combat Shields  
  59  6:28  Barracks Reactor  
  59  6:30  SCV  
  58  6:33  SCV  
  59  6:41  Missile Turret  
  59  6:51  Viking  
  61  6:55  Viking  
  63  7:02  Missile Turret  
  63  7:05  Missile Turret  
  63  7:12  SCV  
  64  7:18  Terran Infantry Armor Level 1  
  64  7:20  SCV  
  64  7:21  Viking  
  67  7:24  SCV  
  68  7:32  SCV  
  68  7:36  SCV  
  70  7:41  Starport  
  70  7:42  Armory  
  70  7:46  Viking  
  70  7:51  Viking  
  74  7:59  Siege Tank  
  74  8:00  SCV  
  78  8:10  Command Center  
  78  8:22  Starport Tech Lab  
  78  8:43  Supply Depot  
  78  8:44  Supply Depot  
  78  8:45  Supply Depot  
  78  8:47  Marine  
  78  8:48  Marine x2  
  78  8:50  Marine  
  78  8:51  Marine  
  78  8:52  SCV  
  78  8:54  Siege Tank  
  73  9:05  Marine  
  73  9:06  Marine  
  73  9:07  SCV, Marauder  
  73  9:08  Marine x2  
  80  9:12  Terran Vehicle Weapons Level 1  
  80  9:13  Terran Infantry Weapons Level 2  
  80  9:21  Raven  
  80  9:22  Factory  
  80  9:23  Marine  
  80  9:24  Marine, Viking  
  86  9:36  SCV  
  86  9:37  SCV  
  88  9:44  Engineering Bay, Marine x3  
  91  9:56  Marine x2  
  93  10:01  Siege Tank  
  93  10:02  Marine  
  96  10:24  Marauder, Marine x3  
  96  10:25  Factory Tech Lab  
  76  11:00  Marauder, Marine x4  
  76  11:02  Thor x2  
  92  11:05  Planetary Fortress  
  92  11:06  SCV, Terran Vehicle And Ship Armor Level 1  
  93  11:15  SCV, Liberator  
  93  11:16  Liberator  
  93  11:18  SCV, Marine x3  
  97  11:21  Marauder, Refinery  
  97  11:24  Refinery  
  97  11:25  Viking  
  102  11:34  SCV  
  102  11:35  SCV  
  110  11:44  Terran Infantry Armor Level 2  
  110  11:52  Supply Depot, Siege Tank  
  113  12:15  Command Center  
  113  12:16  SCV x2  
  115  12:28  SCV x2  
  117  12:30  Factory  
  117  12:31  Marine  
  117  12:32  Factory  
  118  12:40  SCV  
  119  12:45  SCV, Marine x2  
  118  13:24  Marauder, Marine x4  
  118  13:25  Siege Tank  
  118  13:26  Siege Tank  
  125  13:28  Viking x3  
  113  13:43  Factory Tech Lab x2  
  113  13:45  Marauder  
  112  13:57  Siege Tank  
  112  13:58  Viking x3, Siege Tank  
  124  14:06  SCV  
  125  14:11  Terran Vehicle Weapons Level 2  
  122  14:29  Siege Tank  
  122  14:30  Siege Tank  
  107  14:37  Viking x2  
  111  14:50  Planetary Fortress  
  111  14:51  SCV x2  
  113  14:59  Marauder, Marine x2  
  117  15:01  Thor  
  117  15:03  SCV x2  
  117  15:04  Siege Tank  
  128  15:07  Factory  
  118  15:35  Marine x2  
  118  15:36  Marauder, Marine  
  99  15:50  Marine  
  99  15:53  Thor x2  
  99  15:55  Factory Reactor  
  112  15:57  Marauder  
  112  15:58  Command Center  
  112  15:59  SCV x2  
  112  16:04  SCV x2  
  118  16:06  Refinery  
  118  16:08  Refinery  
  118  16:09  Barracks x2  
  118  16:10  Barracks  
  118  16:11  SCV x2  
  119  16:12  Marine x3  
  119  16:16  SCV x2  
  125  16:18  Marauder  
  125  16:20  Command Center  
  125  16:23  SCV x2  
  129  16:28  SCV  
  129  16:32  Marine x2  
  130  16:33  Marine x2  
  130  16:35  Supply Depot  
  130  16:39  Supply Depot, Marine  
  135  16:43  Hellbat  
  135  16:44  Hellbat  
  139  16:50  SCV  
  140  16:56  Marine x2  
Show
View Real Time Build Order
Export as new Build Order

HoldTheDoor Protoss 

Build Orders:  

Get SALT Encoding   

  12  0:00  Probe  
  13  0:12  Probe  
  14  0:20  Pylon  
  14  0:24  Probe  
  15  0:38  Probe  
  15  0:42  Gateway  
  16  0:46  Probe  
  16  0:51  Assimilator  
  16  0:54  Probe  
  16  0:55  Assimilator  
  18  1:04  Probe  
  19  1:16  Gateway  
  19  1:18  Probe  
  20  1:30  Cybernetics Core  
  20  1:33  Probe  
  20  1:37  Pylon  
  21  1:46  Probe  
  22  1:58  Warp Gate, Probe  
  23  2:07  Stalker x2  
  27  2:10  Probe  
  28  2:16  Pylon  
  28  2:22  Probe  
  29  2:34  Probe  
  29  2:36  Stalker  
  29  2:37  Stalker  
  34  2:48  Probe  
  35  2:59  Robotics Facility  
  35  3:01  Pylon  
  35  3:03  Probe  
  36  3:38  Stargate  
  36  3:39  Probe  
  33  3:57  Immortal  
  33  4:02  Stalker x2  
  37  4:14  Probe  
  38  4:21  Nexus  
  38  4:27  Probe  
  38  4:28  Immortal  
  38  4:29  Pylon  
  43  4:40  Void Ray  
  47  4:47  Probe  
  47  4:48  Pylon  
  47  4:52  Sentry  
  50  5:01  Warp Prism  
  50  5:02  Stalker  
  50  5:04  Shield Battery  
  54  5:15  Probe  
  54  5:20  Stalker  
  57  5:26  Stalker  
  59  5:30  Probe  
  60  5:37  Observer  
  61  5:42  Probe  
  61  5:49  Stalker  
  64  5:50  Stalker  
  64  5:52  Probe  
  67  6:02  Probe  
  68  6:04  Probe  
  68  6:05  Assimilator  
  69  6:14  Probe  
  70  6:49  Zealot x2  
  70  6:51  Void Ray  
  78  6:56  Pylon  
  78  6:59  Gateway  
  78  7:01  Gateway  
  78  7:02  Pylon  
  78  7:03  Assimilator  
  78  7:06  Immortal  
  78  7:08  Pylon  
  78  7:14  Probe x2  
  84  7:24  Zealot  
  84  7:25  Zealot  
  84  7:26  Probe x2  
  90  7:34  Forge  
  90  7:37  Forge, Void Ray  
  90  7:40  Pylon  
  94  7:48  Immortal  
  98  8:00  Zealot x2  
  98  8:04  Probe x2  
  104  8:22  Void Ray  
  108  8:34  Pylon  
  108  8:45  Nexus  
  108  8:47  Pylon  
  108  9:02  Protoss Ground Armor Level 1  
  98  9:05  Stalker x4  
  98  9:06  Protoss Shields Level 1  
  107  9:17  Assimilator, Probe x2  
  107  9:18  Pylon  
  108  9:29  Probe x2  
  110  9:33  Phoenix  
  112  9:41  Probe  
  113  9:46  Probe, Robotics Bay  
  113  9:49  Assimilator  
  114  9:53  Probe  
  114  9:58  Photon Cannon  
  114  9:59  Probe  
  116  10:00  Probe  
  116  10:05  Phoenix  
  119  10:09  Observer  
  120  10:22  Zealot x3  
  120  10:27  Immortal  
  126  10:30  Twilight Council  
  126  10:34  Void Ray  
  134  10:38  Zealot  
  117  10:50  Zealot x3  
  119  11:15  Stalker x4  
  119  11:17  Void Ray, Colossus  
  131  11:21  Protoss Ground Armor Level 2, Protoss Shields Level 2  
  131  11:22  Probe  
  131  11:23  Probe, Charge  
  139  11:40  Probe  
  139  11:41  Probe x2  
  139  11:42  Gateway  
  139  11:45  Gateway  
  139  11:47  Pylon  
  142  11:55  Photon Cannon  
  142  11:56  Photon Cannon  
  142  11:57  Shield Battery  
  142  11:58  Probe x2  
  144  12:07  Void Ray  
  148  12:10  Zealot  
  148  12:12  Pylon  
  150  12:19  Zealot x3  
  156  12:25  Pylon  
  156  12:27  Pylon  
  156  12:30  Colossus  
  162  12:40  Zealot  
  153  13:01  Zealot  
  153  13:02  Zealot x3  
  150  13:28  Zealot x5  
  134  13:47  Probe x3  
  137  13:59  Probe x2  
  137  14:02  Probe  
  140  14:10  Zealot x5  
  140  14:11  Probe  
  90  14:38  Zealot x2  
  90  14:39  Zealot x3  
  90  14:41  Protoss Ground Armor Level 3  
  90  14:42  Protoss Ground Weapons Level 1  
  100  14:47  Nexus  
  100  14:49  Pylon  
  100  14:52  Pylon  
  100  14:54  Fleet Beacon  
  100  14:59  Robotics Facility  
  100  15:01  Gateway  
  100  15:04  Gateway  
  100  15:09  Gateway  
  100  15:10  Pylon  
  100  15:11  Zealot x2  
  100  15:13  Sentry  
  100  15:14  Sentry  
  108  15:21  Assimilator  
  108  15:26  Assimilator  
  108  15:29  Zealot x2  
  102  15:41  Zealot x4  
  90  15:54  Stalker x2  
  94  16:04  Gateway  
  94  16:05  Gateway  
  94  16:07  Gateway  
  94  16:08  Pylon  
  94  16:09  Probe  
  95  16:12  Probe  
  96  16:19  Immortal  
  100  16:30  Probe  
  100  16:31  Probe  
  102  16:37  Templar Archives  
  102  16:49  Pylon  
  102  16:52  Photon Cannon  
  102  16:53  Photon Cannon  
  102  16:54  Photon Cannon  
  102  16:56  Shield Battery x2  
  102  16:58  Zealot  
  104  17:06  Observer  
  105  17:11  Zealot x3  
  87  17:28  Zealot x3  
  87  17:29  Zealot  
  81  17:30  Zealot x2  
Tags
 
Composition
MMM Bio
Matchup
PvT
Spawn Locations
Cross Positions
Add a new tag
Caveats
  • Supply blocks, unpowered buildings, or Contaminate may cause inaccurate times.
  • Supply counts are checked every 10 seconds.